 Dungeon Crawl Stone Soup version 0.31-a0-263-ge8cad7f256 (webtiles) character file.

Game seed: 12320875200915111889

53 qw the Shooter (level 3, -3/21 HPs)
             Began as a Gargoyle Hexslinger on July 13, 2023.
             Slain by a goblin
             ... wielding a +0 club
             ... led by Robin
              (5 damage)
             ... on level 2 of the Dungeon.
             The game lasted 00:00:24 (559 turns).

qw the Shooter (Gargoyle Hexslinger)                 Turns: 559, Time: 00:00:25

Health: -3/21      AC:  9    Str: 11    XL:     3   Next: 87%
Magic:  4/4        EV: 10    Int: 13    God:
Gold:   83         SH:  0    Dex: 14    Spells: 3/4 levels left

rFire   . . .        Y - +1 sling (freeze)
rCold   . . .        (no shield)
rNeg    + . .        l - +0 ring mail
rPois   inf          (no helmet)
rElec   +            (no cloak)
rCorr   .            (no gloves)
SInv    .            i - +0 pair of boots
Will    .....        (no amulet)
Stlth   +            (no ring)
HPRegen 0.23/turn    (no ring)
MPRegen 0.09/turn

%: no passive effects
@: no status effects
A: sickness immunity, AC +3, negative energy resistance 1, electricity
resistance, torment resistance 1, petrification resistance
a: no special abilities


You were on level 2 of the Dungeon.
You visited 1 branch of the dungeon, and saw 2 of its levels.

You collected 83 gold pieces.


Innate Abilities, Weirdness & Mutations

You are immune to sickness and miasma.
Your stone body is resilient. (AC +3)
You are immune to poison.
You resist negative energy. (rN+)
You are resistant to electric shocks. (rElec)
You are resistant to unholy torment.
You are immune to petrification.


   Skills:
 - Level 2.0 Fighting
 + Level 3.3 Ranged Weapons
 - Level 1.5 Armour
 - Level 1.5 Dodging
 - Level 1.0 Spellcasting
 - Level 2.6 Hexes


You had 3 spell levels left.
You knew the following spells:

 Your Spells              Type           Power      Damage    Failure   Level
a - Slow                  Hex            28%        N/A       22%         1

Your spell library contained the following spells:

 Spells                   Type           Power      Damage    Failure   Level
 Inner Flame              Hex/Fire       4%         N/A       75%         3
 Portal Projectile        Hex/Tloc       8%         N/A       75%         3
 Cause Fear               Hex            3%         N/A       91%         4

Inventory:

Hand Weapons
 Y - a +1 sling of freezing (weapon)
Armour
 a - a +2 hat
 i - a +0 pair of boots (worn)
 l - a +0 ring mail (worn)
Potions
 d - a potion of degeneration {unknown}
 f - 4 potions of curing
 j - a potion of berserk rage {unknown}

Dungeon Overview and Level Annotations

Branches:
Dungeon (2/15)

Altars:

Annotations:
D:2 Robin


Message History

The goblin closely misses you. The goblin barely misses you.
The goblin hits you with a +0 club. The goblin barely misses you.
Robin throws the goblin at you!
You shoot a sling bullet.
The sling bullet barely misses the goblin.
A jackal comes into view.
Robin throws the goblin at you! The goblin closely misses you.
The goblin barely misses you. The goblin closely misses you.
A goblin comes into view. It is wielding a +0 club.
The goblin barely misses you. The goblin hits you but does no damage.
A jackal comes into view.
The jackal moves out of view.
You shoot a sling bullet.
The sling bullet closely misses the goblin.
The jackal barely misses you. The goblin hits you but does no damage.
The goblin misses you. The goblin hits you but does no damage.
The goblin barely misses you. The hobgoblin hits you.
The goblin closely misses you.
A jackal comes into view.
The jackal completely misses you. The goblin hits you but does no damage.
The goblin barely misses you. The goblin closely misses you.
The hobgoblin barely misses you. The goblin barely misses you.
The goblin hits you but does no damage.
You shoot a sling bullet.
The sling bullet barely misses the goblin.
The jackal barely misses you. The goblin barely misses you.
The goblin hits you with a +0 club. The goblin hits you but does no damage.
The goblin closely misses you. x2
The hobgoblin hits you but does no damage.
Robin roars a battlecry!
The goblin goes into a battle-frenzy!
The jackal bites you but does no damage.
You shoot a sling bullet. The sling bullet misses the goblin.
The jackal closely misses you. The goblin closely misses you.
The goblin hits you but does no damage. The goblin hits you with a +0 dagger.
The goblin hits you but does no damage. x2; The hobgoblin closely misses you.
The jackal barely misses you. The hobgoblin barely misses you.
The goblin hits you but does no damage. The goblin hits you with a +0 dagger.
The goblin hits you with a +0 club.
You die...

#...........#
#...........#
#...........#.
###.........>.....
##.................
#..#...........#...
#..................
#ggg....#.#........
#g@g#..###########
#hg#####


#ggg #.hhh #..... #...... #......# #...#.## You could see Robin, 4 jackals, a
hobgoblin (strong) and 7 goblins.

Vanquished Creatures
  A gnoll (D:1)
  An adder (D:2)
  A dart slug (D:1)
  An endoplasm (D:1)
  2 giant cockroaches (D:1)
  6 goblins
  6 hobgoblins
  2 kobolds (D:1)
  3 quokkas
  2 ball pythons
  2 bats
  A frilled lizard (D:1)
  A rat (D:1)
29 creatures vanquished.

Notes
Turn   | Place    | Note
-------+----------+-------------------------------------------
     0 | D:1      | qw the Gargoyle Hexslinger began the quest for the Orb.
     0 | D:1      | Reached XP level 1. HP: 12/12 MP: 2/2
     0 | D:1      | 0 ||| qw: Version: 0.3-a-52-g30416fa
     0 | D:1      | 0 ||| qw: Game counter: 7300
     0 | D:1      | 0 ||| qw: Melee chars always use a shield: true
     0 | D:1      | 0 ||| qw: God list: Okawaru
     0 | D:1      | 0 ||| qw: Allow faded altars: false
     0 | D:1      | 0 ||| qw: Do Orc after clearing Dungeon:15 true
     0 | D:1      | 0 ||| qw: Do second Lair branch before Depths: true
     0 | D:1      | 0 ||| qw: Lair rune preference: random
     0 | D:1      | 0 ||| qw: Goals: Normal
     0 | D:1      | 0 ||| PLANNING D:1-11
   100 | D:1      | Reached skill level 3 in Ranged Weapons
   100 | D:1      | Reached XP level 2. HP: 16/16 MP: 3/3
   188 | D:1      | Found a faded altar of an unknown god.
   253 | D:1      | Reached XP level 3. HP: 21/21 MP: 4/4
   452 | D:1      | 452 ||| UPGRADING to +0 leather armour.
   462 | D:1      | 462 ||| DROPPING +0 robe.
   463 | D:1      | 463 ||| DROPPING scarf of invisibility.
   464 | D:1      | 464 ||| UPGRADING to +0 pair of boots.
   469 | D:1      | 469 ||| UPGRADING to +0 ring mail.
   479 | D:1      | 479 ||| DROPPING +0 leather armour.
   480 | D:1      | 480 ||| READING scroll labelled ZUYSTR CUITS.
   481 | D:1      | 481 ||| READING scroll labelled KYOQODUEMMU.
   482 | D:1      | 482 ||| READING scroll labelled OTUDIF DIEDOSI.
   483 | D:1      | 483 ||| READING scroll labelled MAARUTW YQINE.
   484 | D:1      | 484 ||| DRINKING 2 clear potions.
   485 | D:1      | 485 ||| DROPPING scroll of poison.
   549 | D:2      | Noticed Robin
   552 | D:2      | Reached skill level 1 in Armour
   558 | D:2      | HP: 4/21 [goblin/+0 club[Robin] (2)]
   559 | D:2      | Slain by a goblin

Levels and vault maps discovered:
D:1:      dpeg_arrival_more_subterranean_lakeside_camping, layout_rooms,
          chequers_ecumenical_altar_simple
D:2:      layout_basic, basic_altar, chequers_serial_rivers_marsh,
          eino_tiny_chamber, nrook_campfire, nicolae_half_adder, uniq_natasha,
          uniq_robin

Skill      XL: |  1  2  3 |
---------------+----------+-----
Ranged Weapons | 3 |  3.3
Fighting       | 2 |  2.0
Armour         | 1 |  1.5
Dodging        | |  1.5
Spellcasting   | |  1.0
Hexes          | |  2.6

Action                     || total
---------------------------++-------
   Fire: Sling             ||   109
    Use: Scroll            ||     4
         Potion            ||     1
 Armour: Robe              ||     7
         Ring mail         ||    47
  Dodge: Dodged            ||    87

Table legend:
 A = Non-vault XP
 B = Vault XP
 C = Vault XP percentage of total XP
 D = Non-vault monster count
 E = Vault monster count
 F = Vault count percentage of total count
                 A         B        C        D         E       F
            +---------+---------+-------+---------+---------+-------
      Total |      58 |      18 |  23.7 |      25 |       4 |  13.8
            +---------+---------+-------+---------+---------+-------
        D:1 |      49 |       0 |   0.0 |      20 |       0 |   0.0
        D:2 |       9 |      18 |  66.7 |       5 |       4 |  44.4
            +---------+---------+-------+---------+---------+-------
